 Dungeon Crawl Stone Soup version 0.31-a0-115-g4708a659fe (webtiles) character file.

Game seed: 16909909062570004738

473 wilfster70 the Cudgeller (level 7, -1/44 HPs)
             Began as a Gargoyle Monk on May 29, 2023.
             Slain by a yak (13 damage)
             ... on level 5 of the Dungeon.
             The game lasted 00:09:36 (3658 turns).

wilfster70 the Cudgeller (Gargoyle Monk)            Turns: 3658, Time: 00:09:37

Health: -1/44      AC: 13    Str: 14    XL:     7   Next: 10%
Magic:  2/9        EV: 12    Int: 13    God:
Gold:   257        SH:  0    Dex: 12    Spells: 4/8 levels left

rFire   . . .        a - +0 mace
rCold   . . .        d - orb {light}
rNeg    + . .        h - +1 robe
rPois   ∞            j - +2 hat
rElec   +            (no cloak)
rCorr   .            m - +0 pair of gloves
SInv    .            l - +2 pair of boots
Will    .....        (no amulet)
Stlth   +            (no ring)
HPRegen 0.27/turn    (no ring)
MPRegen 0.11/turn

%: no passive effects
@: very slightly contaminated, glowing
A: sickness immunity, AC +4, negative energy resistance 1, electricity
resistance, torment resistance 1, petrification resistance
a: no special abilities


You were on level 5 of the Dungeon.
You visited 1 branch of the dungeon, and saw 5 of its levels.

You collected 257 gold pieces.

Inventory:

Hand Weapons
 a - a +0 mace (weapon)
 b - a +0 sling
Missiles
 e - 5 javelins (quivered)
Armour
 d - an orb of light (worn)
 h - a +1 robe (worn)
 j - a +2 hat (worn)
 l - a +2 pair of boots (worn)
 m - a +0 pair of gloves (worn)
Jewellery
 i - an amulet of faith
Scrolls
 f - a scroll of teleportation
 g - a scroll of fog
 o - a scroll of silence {unknown}
 p - a scroll of brand weapon
Potions
 c - 2 potions of ambrosia
 k - a potion of heal wounds
 n - 2 potions of curing


   Skills:
 - Level 5.0 Fighting
 + Level 6.0 Maces & Flails
 - Level 2.4 Dodging
 + Level 1.4 Spellcasting
 + Level 1.8 Conjurations
 + Level 2.1 Earth Magic


You had 4 spell levels left.
You knew the following spells:

 Your Spells              Type           Power      Damage    Failure   Level
a - Sandblast             Erth           12%        2d6       12%         1
b - Stone Arrow           Conj/Erth      12%        3d7       36%         3

Your spell library contained the following spells:

 Spells                   Type           Power      Damage    Failure   Level
 Passwall                 Tmut/Erth      2%         N/A       26%         2
 Ozocubu's Armour         Ice            0%         N/A       63%         3
 Ozocubu's Refrigeration  Ice            0%         4d7       100%        7


Dungeon Overview and Level Annotations

Branches:
Dungeon (5/15)
 Temple: D:4-7

Altars:
Cheibriados
Hepliaklqana
Qazlal

Annotations:
D:4 Grinder


Innate Abilities, Weirdness & Mutations

You are immune to sickness and miasma.
Your stone body is resilient. (AC +4)
You are immune to poison.
You resist negative energy. (rN+)
You are resistant to electric shocks. (rElec)
You are resistant to unholy torment.
You are immune to petrification.


Message History

Aim: a yak (lightly wounded, haloed, 91% to hit)
The blast of sand hits the yak but does no damage.
The yak is lightly wounded.
The orc hits you but does no damage. The yak barely misses you.
Casting: Sandblast (safe; 12% risk of failure)
Confirm with . or Enter, or press ? or * to list all spells.
Aiming: Sandblast (safe; 12% risk of failure)
Press: ? - help, Shift-Dir - straight line, f/p - yak
Aim: a yak (lightly wounded, haloed, 91% to hit)
The blast of sand hits the yak.
The yak is lightly wounded.
The orc misses you. The yak gores you! x2
The orc hits you but does no damage.
Casting: Sandblast (safe; 12% risk of failure)
Confirm with . or Enter, or press ? or * to list all spells.
Aiming: Sandblast (safe; 12% risk of failure)
Press: ? - help, Shift-Dir - straight line, f/p - yak
Aim: a yak (lightly wounded, haloed, 91% to hit)
You miscast Sandblast.
Nothing appears to happen.
The orc hits you but does no damage. The yak closely misses you.
Casting: Sandblast (safe; 12% risk of failure)
Confirm with . or Enter, or press ? or * to list all spells.
Aiming: Sandblast (safe; 12% risk of failure)
Press: ? - help, Shift-Dir - straight line, f/p - yak
Aim: a yak (lightly wounded, haloed, 91% to hit)
The blast of sand hits the yak.
The yak is moderately wounded.
The orc hits you with a +0 hand axe. The yak gores you but does no damage.
Casting: Sandblast (safe; 12% risk of failure)
Confirm with . or Enter, or press ? or * to list all spells.
Aiming: Sandblast (safe; 12% risk of failure)
Press: ? - help, Shift-Dir - straight line, f/p - yak
Aim: a yak (moderately wounded, haloed, 91% to hit)
The blast of sand hits the yak.
The yak is moderately wounded.
The orc wizard shouts!
You hear a shout!
You hear an angry hiss.
The orc hits you with a +0 hand axe.
* * * LOW HITPOINT WARNING * * *
The yak gores you!
You die...

Y... .. ..........
#.....#... . ...o.#..
.. #.#..o.#
...#.#....######
..........##@.##
#.......#Yo.##
##........o...# ..
#....#..o.....### ....
#..####.##......#
....###...###.###....##
....#......#####....##
............## #..###
.............# ####


You could see a yak, 2 orc wizards and an orc.

Vanquished Creatures
  A centaur (D:5)
  A phantom (D:5)
  2 hounds
  An iguana (D:4)
  4 gnolls (D:5)
  12 adders
  A worm (D:3)
  5 dart slugs
  An orc (D:5)
  7 ball pythons
  5 endoplasms
  3 giant cockroaches
  6 goblins
  7 hobgoblins
  6 jackals (D:1)
  5 quokkas
  6 bats
  4 frilled lizards
  7 kobolds
  3 rats
87 creatures vanquished.

Notes
Turn   | Place    | Note
-------+----------+-------------------------------------------
     0 | D:1      | wilfster70 the Gargoyle Monk began the quest for the Orb.
     0 | D:1      | Reached XP level 1. HP: 14/14 MP: 1/1
    56 | D:1      | Reached XP level 2. HP: 5/19 MP: 2/2
   364 | D:1      | Reached XP level 3. HP: 23/24 MP: 3/3
   953 | D:2      | Reached skill level 4 in Maces & Flails
  1041 | D:2      | Reached XP level 4. HP: 26/29 MP: 4/4
  1054 | D:2      | Found a faded altar of an unknown god.
  1452 | D:2      | Reached XP level 5. HP: 34/34 MP: 5/5
  1608 | D:2      | Reached skill level 5 in Maces & Flails
  2792 | D:4      | Found a hazy altar of Hepliaklqana.
  2792 | D:4      | Found a snail-covered altar of Cheibriados.
  2808 | D:4      | Reached skill level 5 in Fighting
  2808 | D:4      | Reached XP level 6. HP: 17/40 MP: 6/6
  2898 | D:4      | Found a stormy altar of Qazlal.
  2944 | D:4      | Learned a level 1 spell: Sandblast
  2948 | D:4      | Learned a level 3 spell: Stone Arrow
  3013 | D:4      | Noticed Grinder
  3040 | D:5      | Entered Level 5 of the Dungeon
  3070 | D:5      | Reached skill level 1 in Earth Magic
  3147 | D:5      | Reached skill level 1 in Spellcasting
  3147 | D:5      | Reached skill level 1 in Conjurations
  3286 | D:5      | Reached skill level 6 in Maces & Flails
  3286 | D:5      | Reached XP level 7. HP: 44/44 MP: 8/8
  3640 | D:5      | Noticed a yak
  3640 | D:5      | Noticed a yak
  3641 | D:5      | Noticed a yak
  3658 | D:5      | Slain by a yak

Illustrated notes

Levels and vault maps discovered:
D:1:      minmay_arrival_cross, layout_basic, corexii_corridor_pit, st_stairs_9
D:2:      layout_loops_ring, chequers_ecumenical_altar_grove
D:3:      layout_basic
D:4:      due_chaos_kobolds, layout_rooms, gammafunk_temple_overflow_forgotten,
          uniq_grinder
D:5:      layout_cave_pools

Skill      XL: |  1  2  3  4  5  6  7 |
---------------+----------------------+-----
Maces & Flails | 4 5 6 |  6.0
Fighting       | 4 5 |  5.0
Earth Magic    | 1 2 |  2.1
Spellcasting   | 1 |  1.4
Conjurations   | 1 |  1.8
Dodging        | |  2.4

Action                     |  1- 3 |  4- 6 |  7- 9 || total
---------------------------+-------+-------+-------++-------
  Melee: Mace              |    27 |   196 |    10 ||   233
   Fire: Sling             |    90 |     5 |       ||    95
   Cast: Sandblast         |       |     9 |    20 ||    29
    Use: Scroll            |     2 |     8 |     1 ||    11
 Armour: Robe              |    31 |   120 |    14 ||   165
  Dodge: Dodged            |    81 |   173 |    16 ||   270

Table legend: (Time is in decaauts)
 A = Elapsed time spent in this place.
 B = Non-inter-level travel time spent in this place.
 C = Inter-level travel time spent in this place.
 D = Time resting spent in this place.
 E = Time spent auto-exploring this place.
 F = Levels seen in this place.
 G = Mean time per level.
                   A        B        C        D        E       F      G
               +--------+--------+--------+--------+--------+-----+--------+
         Total |   3745 |   3622 |    123 |    482 |   1674 |   5 |  749.0 |
       Dungeon |   3745 |   3622 |    123 |    482 |   1674 |   5 |  749.0 |
               +--------+--------+--------+--------+--------+-----+--------+

Top non-repeatable levels by time:
     D:3: 1077 daAuts
     D:2: 977 daAuts
     D:1: 887 daAuts
     D:5: 636 daAuts
     D:4: 166 daAuts
